 Dungeon Crawl Stone Soup version 0.19.1 (webtiles) character file.

232 Gargoyl the Skirmisher (level 5, 0/47 HPs)
             Began as a Draconian Abyssal Knight on Nov 30, 2016.
             Was a Follower of Lugonu.
             Succumbed to a worker ant's poison
             ... on level 4 of the Dungeon.
             The game lasted 00:07:51 (4684 turns).

Gargoyl the Skirmisher (Draconian Abyssal Knight)   Turns: 4684, Time: 00:07:52

Health: 0/47       AC:  7    Str: 15    XL:     5   Next: 73%
Magic:  6/6        EV:  8    Int: 12    God:    Lugonu [*.....]
Gold:   167        SH: 13    Dex: 11    Spells: 0 memorised, 4 levels left

rFire  + . .     SeeInvis .     c - +1 broad axe
rCold  + . .     Gourm    .     (armour unavailable)
rNeg   . . .     Faith    .     d - +1 large shield {rC+ rF+}
rPois  .         Spirit   .     (helmet restricted)
rElec  .         Reflect  .     (no cloak)
rCorr  .         Harm     .     k - +1 pair of gloves
MR     .....                    (no boots)
Stlth  +.........               r - amulet of inaccuracy (curse)
                                (no ring)
                                (no ring)

@: lethally poisoned (0 -> -6)
A: unfitting armour, cold-blooded, AC +5
a: Depart the Abyss, Renounce Religion


You were on level 4 of the Dungeon.
You worshipped Lugonu.
Lugonu was aware of your devotion.
You were not hungry.

You visited 1 branch of the dungeon, and saw 4 of its levels.
You visited the Abyss 1 time.

You collected 167 gold pieces.

Inventory:

Hand Weapons
 a - a +1 hand axe
 c - a +1 broad axe (weapon)
 f - a +2 spear of piercing
Armour
 d - a +1 large shield of resistance (worn)
 k - a +1 pair of gloves (worn)
Jewellery
 r - a cursed amulet of inaccuracy (around neck)
Scrolls
 g - a scroll of magic mapping
Potions
 e - a potion of flight
Comestibles
 h - 2 meat rations
 j - a fruit
 q - a beef jerky


   Skills:
 + Level 4.3 Fighting
 + Level 3.9 Axes
 + Level 3.2 Dodging
 + Level 0.6 Stealth
 + Level 2.0 Shields
 + Level 2.0 Invocations


You had 4 spell levels left.
You didn't know any spells.

Dungeon Overview and Level Annotations

Branches:
Dungeon (4/15)
 Temple: D:4-7

Altars:
Vehumet
Yredelemnul

Annotations:
D:3 Grinder


Innate Abilities, Weirdness & Mutations

Your plain brown scales are hard. (AC +5)
You cannot fit into any form of body armour.
You are cold-blooded and may be slowed by cold attacks.


Message History

You miss the jackal. You hit the worker ant.
* * * LOW HITPOINT WARNING * * *
You feel sick. You block the jackal's attack.
The worker ant bites you but does no damage.
The jackal bites you but does no damage.
The worker ant bites you.
* * * LOW HITPOINT WARNING * * *
Unknown command.
You closely miss the jackal. You barely miss the worker ant.
* * * LOW HITPOINT WARNING * * *
You feel sick. The jackal bites you.
* * * LOW HITPOINT WARNING * * *
You block the worker ant's attack. You block the jackal's attack.
The worker ant bites you but does no damage.
The jackal closely misses you.
You closely miss the jackal. You slash the worker ant!
You kill the worker ant!
Lugonu accepts your kill.
Your Shields skill increases to level 2!
You die...

#. ##..$.#.#
#..##.....#.#
#######..#........#
#.a.h†............#
#h####o..........#
#.# ###......# #.#
#†h.# #.# #@# #.#
### #.# #.# #.# #)#
#.# #.# #.# #.#
####.# #.# .....#
#.# ###.#####.#


You could see a jackal.

Vanquished Creatures
  A worker ant (D:4)
  8 gnolls
  4 adders
  3 oozes (D:1)
  4 worms
  2 dart slugs
  5 leopard geckos
  An orc (D:4)
  A bat (D:2)
  2 giant cockroaches
  7 goblins
  5 hobgoblins
  2 jackals (D:4)
  8 kobolds
  5 quokkas
  A ball python (D:2)
  4 rats
63 creatures vanquished.

Vanquished Creatures (others)
  A sixfirhy (Abyss:3)
  A large abomination (Abyss:3)
  A hellion (Abyss:3)
  A raiju (Abyss:3)
  7 golden eyes (Abyss:3)
  4 small abominations (Abyss:3)
  An eye of draining (Abyss:3)
  A jelly (Abyss:3)
  An adder (D:3)
18 creatures vanquished.

Grand Total: 81 creatures vanquished

Notes
Turn   | Place    | Note
-------+----------+-------------------------------------------
     0 | Abyss:1  | Gargoyl the Draconian Abyssal Knight began the quest for the Orb.
     0 | Abyss:1  | Reached XP level 1. HP: 19/19 MP: 2/2
   548 | Abyss:3  | Killed a golden eye
   550 | Abyss:3  | Killed a golden eye
   559 | Abyss:3  | Killed a golden eye
   577 | Abyss:3  | Killed a golden eye
   723 | Abyss:3  | Killed a golden eye
   959 | Abyss:3  | Killed a small abomination
  1026 | Abyss:3  | Killed a jelly
  1041 | Abyss:3  | Killed a golden eye
  1075 | Abyss:3  | Killed a large abomination
  1083 | Abyss:3  | Killed a golden eye
  1087 | Abyss:3  | Killed a hellion
  1110 | Abyss:3  | Killed a small abomination
  1299 | Abyss:3  | Killed a raiju
  1314 | Abyss:3  | Killed a small abomination
  1320 | Abyss:3  | Killed a small abomination
  1354 | Abyss:3  | Killed a sixfirhy
  1373 | Abyss:3  | Killed an eye of draining
  1395 | D:1      | Escaped the Abyss
  1563 | D:1      | Reached XP level 2. HP: 27/27 MP: 3/3
  1904 | D:1      | Reached XP level 3. HP: 33/33 MP: 4/4
  2064 | D:2      | Found a basalt altar of Yredelemnul.
  2173 | D:2      | Reached skill level 1 in Shields
  2187 | D:2      | Reached skill level 4 in Fighting
  2188 | D:2      | Reached * piety under Lugonu
  2534 | D:2      | Reached XP level 4. HP: 40/40 MP: 5/5
  3764 | D:3      | Noticed Grinder
  3966 | D:3      | Reached XP level 5. HP: 46/46 MP: 6/6
  4004 | D:3      | Found a radiant altar of Vehumet.
  4075 | D:3      | Paralysed by Grinder for 7 turns
  4683 | D:4      | HP: 1/46 [jackal (2)]
  4684 | D:4      | Succumbed to a worker ant's poison

Skill      XL: |  1  2  3  4  5 |
---------------+----------------+-----
Shields        | 1 2 |  2.0
Fighting       | 4 |  4.3
Dodging        | 3 |  3.2
Axes           | 3 |  3.9
Stealth        | |  0.6
Invocations    | |  2.0

Action                   |  1- 3 |  4- 6 || total
-------------------------+-------+-------++-------
Melee: Broad axe         |   102 |   195 ||   297
       Tailslap          |     9 |    13 ||    22
Invok: Depart the Abyss  |     1 |       ||     1
  Use: Potion            |     5 |     1 ||     6
       Scroll            |     2 |     9 ||    11
 Stab: Sleeping          |       |     1 ||     1
  Eat: Bread ration      |     1 |       ||     1
       Chunk             |     1 |     6 ||     7
       Fruit             |       |     1 ||     1
Armor: Skin              |    27 |    61 ||    88
Dodge: Dodged            |    22 |    95 ||   117
Block: Large shield      |    96 |   159 ||   255
